Map: Cyber Forest LE

Players

Smeeeger

  • Race: Zerg Zerg
  • League: Platinum
  • Spawn Location: 5:00

Tumbao - Winner!

  • Race: Zerg Zerg
  • League: Platinum
  • Spawn Location: 11:00

VOD

Have the link to the VOD?

Description

Time

  • Played on: July 18, 2019, 10:55 a.m.
  • Length: 3:44
Show
View Real Time Build Order
Export as new Build Order

Smeeeger Zerg 

Build Orders: Hatch First 

Get SALT Encoding   

  12  0:01  Drone  
  13  0:13  Overlord  
  13  0:17  Drone  
  14  0:32  Drone x2  
  16  0:40  Drone  
  17  0:48  Drone  
  18  1:01  Hatchery, Extractor  
  18  1:02  Drone  
  17  1:17  Spawning Pool  
  17  1:18  Drone  
  17  1:24  Drone  
  18  1:34  Drone  
  19  1:41  Overlord  
  19  2:04  Queen  
  19  2:06  Zergling x4  
  23  2:13  Queen  
  25  2:16  Zergling x2  
  25  2:18  Drone  
  25  2:19  Metabolic Boost  
  27  2:28  Drone x2  
  29  2:47  Drone x2  
  29  2:49  Queen  
  32  3:00  Baneling Nest  
  32  3:01  Drone  
  32  3:02  Drone x3  
  32  3:05  Evolution Chamber  
  34  3:07  Overlord  
  34  3:19  Drone  
  35  3:25  Overlord  
  35  3:26  Drone x2  
  35  3:27  Drone  
  38  3:29  Drone  
Show
View Real Time Build Order
Export as new Build Order

Tumbao Zerg - Winner!

Build Orders: Hatch First 

Get SALT Encoding   

  12  0:01  Drone  
  13  0:10  Drone  
  14  0:17  Drone, Extractor  
  15  0:42  Hatchery  
  15  0:47  Extractor  
  15  0:48  Drone  
  14  1:01  Spawning Pool  
  13  1:09  Overlord  
  13  1:15  Drone  
  14  1:29  Drone x2  
  16  1:49  Metabolic Boost  
  16  1:54  Queen  
  16  1:56  Zergling x4  
  20  2:03  Drone  
  20  2:05  Zergling x2  
  22  2:10  Zergling x4  
  24  2:27  Overlord  
  24  2:29  Zergling x4  
  26  2:43  Zergling x4  
  28  2:49  Zergling x4  
  29  2:57  Overlord  
  29  3:02  Zergling x6  
  33  3:17  Zergling x2  
  33  3:18  Zergling x6  
  37  3:25  Drone  
  38  3:30  Drone  
Tags
 
Add a new tag
Caveats
  • Supply blocks, unpowered buildings, or Contaminate may cause inaccurate times.
  • Supply counts are checked every 10 seconds.